 Dungeon Crawl Stone Soup version 0.27.1-34-g3ba077fa99 (webtiles) character file.

Game seed: 9913681804923883119

47 cbfl8 the Cutter (level 3, -6/31 HPs)
             Began as a Minotaur Wanderer on Jan 17, 2022.
             Mangled by a gnoll (7 damage)
             ... on level 2 of the Dungeon.
             The game lasted 00:03:04 (1777 turns).

cbfl8 the Cutter (Minotaur Wanderer)                Turns: 1777, Time: 00:03:04

Health: -6/31      AC:  6    Str: 16    XL:     3   Next: 48%
Magic:  11/11      EV: 11    Int: 10    God:
Gold:   32         SH:  0    Dex:  9    Spells: 2/2 levels left

rFire    . . .     SeeInvis .   a - +2 short sword
rCold    . . .     Faith    .   (no shield)
rNeg     . . .     Spirit   .   d - +0 robe
rPois    .         Reflect  .   (helmet restricted)
rElec    .         Harm     .   (no cloak)
rCorr    .         Rampage  .   (no gloves)
Will     .....                  (no boots)
Stlth    ++........             (no amulet)
HPRegen  0.10/turn              b - +4 ring of protection
MPRegen  0.12/turn              h - ring of magical power

@: no status effects
A: horns 2, retaliatory headbutt
a: no special abilities


You were on level 2 of the Dungeon.
You visited 1 branch of the dungeon, and saw 2 of its levels.

You collected 32 gold pieces.

Inventory:

Hand Weapons
 a - a +2 short sword (weapon)
 e - a +0 dagger
Missiles
 g - 7 atropa-tipped darts (quivered)
Armour
 d - a +0 robe (worn)
Jewellery
 b - a +4 ring of protection (left hand)
 h - a ring of magical power (right hand)
 i - a ring of flight
Scrolls
 c - a scroll of teleportation
Potions
 f - a potion of might {unknown}
 j - a potion of mutation {unknown}
 k - a potion of berserk rage {unknown}


   Skills:
 + Level 3.0 Fighting
 + Level 3.3 Short Blades
 + Level 1.0 Throwing
 + Level 1.5 Armour
 + Level 1.4 Dodging
 + Level 2.7 Stealth


You had 2 spell levels left.
You didn't know any spells.
Your spell library contained the following spells:

 Spells                   Type           Power      Damage    Failure   Level
 Chain Lightning          Conj/Air       0%         N/A       100%        9
 Fire Storm               Conj/Fire      0%         5d1       100%        9


Dungeon Overview and Level Annotations

Branches:
Dungeon (2/15)

Altars:

Shops:
D:2 (


Innate Abilities, Weirdness & Mutations

You have a pair of horns on your head.
You reflexively headbutt those who attack you in melee.


Message History

The adder is severely wounded.
You feel sick. The adder barely misses you.
Unknown command.
You barely miss the adder.
The adder is severely wounded.
You feel sick.
A gnoll comes into view. It is wielding a +0 halberd.
The adder barely misses you. The gnoll barely misses you.
Unknown command.
You hit the adder.
You kill the adder!
You feel sick.
The gnoll hits you from afar with a +0 spear.
A gnoll comes into view. It is wielding a +0 whip.
You feel sick.
The gnoll hits you from afar with a +0 spear.
* * * LOW HITPOINT WARNING * * *
Unknown command.
You feel sick. The gnoll hits you with a +0 spear.
* * * LOW HITPOINT WARNING * * *
Found a dagger.
You feel sick.
You are no longer poisoned.
The gnoll shouts!
You hit the gnoll.
The gnoll is lightly wounded.
You hear a shout!
The gnoll misses you. The gnoll hits you but does no damage.
A hobgoblin comes into view.
You completely miss the gnoll.
The gnoll is lightly wounded.
The gnoll barely misses you. x2
A gnoll comes into view. It is wielding a +0 spear.
The gnoll closely misses you. The gnoll hits you with a +0 spear.
* * * LOW HITPOINT WARNING * * *
The gnoll barely misses you. You furiously retaliate!
You headbutt the gnoll. The gnoll closely misses you. You furiously retaliate!
You headbutt the gnoll! The gnoll hits you with a +0 spear.
* * * LOW HITPOINT WARNING * * *
The gnoll hits you with a +0 whip!
You die...

#.# .# ####.###.#
.......g# .
#.......#.#
#.g....<).
###......# #
##..gg....# #.
#.....@...#
####.####....g....#
#... ..##.....#####
#.##.#.###)..##
#.##.#.####.##
#.##........#
#.####.###..#
###.####.# #.....
.........# ####...#


You could see 4 gnolls and a hobgoblin.

Vanquished Creatures
  An adder (D:2)
  3 dart slugs (D:1)
  A ball python (D:1)
  4 endoplasms
  2 giant cockroaches
  2 goblins
  4 jackals (D:1)
  2 kobolds (D:2)
  3 quokkas (D:1)
  4 bats (D:1)
  2 rats (D:1)
28 creatures vanquished.

Notes
Turn   | Place    | Note
-------+----------+-------------------------------------------
     0 | D:1      | cbfl8 the Minotaur Wanderer began the quest for the Orb.
     0 | D:1      | cbfl8 set off with the following items: a +2 short sword, a
                  | scroll of teleportation, a potion of curing, a +0 robe, a
                  | +0 dagger
     0 | D:1      | Reached XP level 1. HP: 18/18 MP: 0/0
   266 | D:1      | Reached XP level 2. HP: 25/25 MP: 1/1
   275 | D:1      | HP: 1/25 [jackal (1)]
  1446 | D:1      | Reached XP level 3. HP: 30/30 MP: 2/2
  1688 | D:2      | Found Utepacse's Weapon Shoppe.
  1776 | D:2      | HP: 1/31 [gnoll (4)]
  1777 | D:2      | Mangled by a gnoll

Illustrated notes

Levels and vault maps discovered:
D:1:      dpeg_arrival_fog, layout_loops_ring, hangedman_decor_clover_reticule,
          minmay_close_crescents
D:2:      layout_loops_cross, basic_altar, serial_shops, shop

Skill      XL: |  1  2  3 |
---------------+----------+-----
Short Blades   | 3 |  3.3
Fighting       | 3 |  3.0
Throwing       | |  1.0
Armour         | |  1.5
Dodging        | |  1.4
Stealth        | |  2.7

Action                   || total
-------------------------++-------
Melee: Short sword       ||    78
       Headbutt          ||     9
  Use: Scroll            ||     1
       Potion            ||     1
 Stab: Sleeping          ||     1
Armor: Robe              ||    49
Dodge: Dodged            ||    71
